[Event "Titled Tuesday Blitz December 20 Late 2022"]
[White "Postnikov, Artem"]
[Black "Wieczorek, Zbigniew"]
[WhiteFideId "34153575"]
[BlackFideId "1102001"]
[WhiteElo "2243"]
[BlackElo "2222"]
[Result "1-0"]
[Round "04"]
[TimeControl "180+1"]
[Date "2022.12.21"]
[WhiteClock "0:00:34"]
[BlackClock "0:00:01"]

1. d4 Nf6 2. c4 e6 3. Nc3 Bb4 4. Qc2 d5 5. a3 Bxc3+ 6. Qxc3 dxc4 7. Qxc4 Nc6 8. Nf3 O-O 9. Bg5 Qd5 10. Qxd5 Nxd5 11. e4 Nf6 12. Bxf6 gxf6 13. Bb5 Ne7 14. O-O c6 15. Bd3 Rd8 16. Rfd1 b6 17. Rac1 Bb7 18. Bb1 Rd7 19. Rd2 Rad8 20. Rcd1 Ng6 21. g3 e5 22. h4 h5 23. Kf1 Kf8 24. Ke2 Ba6+ 25. Ke3 Bb7 26. Ba2 Ke7 27. b4 1-0


[Site "https://www.chess.com"]

[Event "Titled Tuesday Blitz December 20 Late 2022"]
[White "Rangel, Daniel"]
[Black "Marchesich, Giovanni"]
[WhiteFideId "2124475"]
[BlackFideId "2824790"]
[WhiteElo "2225"]
[BlackElo "2200"]
[Result "1-0"]
[Round "04"]
[TimeControl "180+1"]
[Date "2022.12.21"]
[WhiteClock "0:01:26"]
[BlackClock "0:01:22"]

1. d4 g6 2. c4 Bg7 3. Nc3 Nh6 4. e4 f6 5. Be3 Nf7 6. Qd2 O-O 7. h4 h6 8. Nge2 d6 9. Nf4 Kh7 10. h5 g5 11. Ng6 Re8 12. f4 e5 13. fxg5 Nxg5 14. O-O-O Nc6 15. d5 Ne7 16. Nh4 Bg4 17. Re1 Rf8 18. Bd3 Qd7 19. Ne2 f5 20. exf5 Nxf5 21. Ng3 e4 22. Nxe4 Nxe4 23. Bxe4 Kg8 24. Nxf5 Bxf5 25. Bxh6 Bxe4 26. Rxe4 Qf5 27. Re7 Bf6 28. Bxf8 Bg5 29. Rg7+ Kh8 30. Rxg5 Qe4 1-0


[Site "https://www.chess.com"]

[Event "Titled Tuesday Blitz December 20 Late 2022"]
[White "Rego, Pedro Filipe"]
[Black "Fiorito, Francisco"]
[WhiteFideId "1904310"]
[BlackFideId "180165"]
[WhiteElo "2193"]
[BlackElo "2348"]
[Result "0-1"]
[Round "04"]
[TimeControl "180+1"]
[Date "2022.12.21"]
[WhiteClock "0:01:27"]
[BlackClock "0:02:11"]

1. e4 c5 2. Nf3 Nc6 3. d4 cxd4 4. Nxd4 g6 5. c4 Nf6 6. Nc3 d6 7. Be2 Nxd4 8. Qxd4 Bg7 9. Be3 O-O 10. Qd2 a5 11. Rd1 Be6 12. Bd4 a4 13. b3 axb3 14. axb3 Qa5 15. O-O Rfc8 16. Qe3 Qb4 17. Nd5 Bxd5 18. exd5 Re8 19. Ra1 Rxa1 20. Rxa1 Nd7 21. Bxg7 Kxg7 22. Ra7 Nc5 23. h4 Qxb3 24. Qxb3 Nxb3 25. Rxb7 Nc5 26. Ra7 Kf6 27. Bd1 Rb8 28. Ba4 Rb1+ 29. Kh2 Ra1 0-1


[Site "https://www.chess.com"]

[Event "Titled Tuesday Blitz December 20 Late 2022"]
[White "Reprintsev, Alexander"]
[Black "Bolanos, Fernando"]
[WhiteFideId "14100541"]
[BlackFideId "3304094"]
[WhiteElo "2230"]
[BlackElo "2166"]
[Result "1-0"]
[Round "04"]
[TimeControl "180+1"]
[Date "2022.12.21"]
[WhiteClock "0:00:53"]
[BlackClock "0:00:04"]

1. e4 c5 2. b3 Nc6 3. Bb2 e5 4. f4 d6 5. Qf3 g6 6. Bb5 Ne7 7. fxe5 dxe5 8. Bxe5 Rg8 9. Bf6 Bg7 10. Bxc6+ bxc6 11. Bxg7 Rxg7 12. Nc3 Be6 13. Nge2 g5 14. Qe3 c4 15. bxc4 Bxc4 16. d3 Be6 17. O-O Qb6 18. Qxb6 axb6 19. a4 Kd8 20. Nd4 Bd7 21. Rf6 Kc7 22. Raf1 Be8 23. Nf5 Nxf5 24. R1xf5 Ra5 25. Rxa5 bxa5 26. Kf2 Kb6 27. d4 Rg6 28. Rxg6 hxg6 29. Ke3 c5 30. d5 f6 31. Kd3 Bd7 32. Kc4 Bg4 33. Kb3 Bc8 34. Nd1 Kc7 35. Ne3 Bb7 36. Kc3 Kd7 37. Nc4 f5 38. Nxa5 Ba8 39. Kc4 f4 40. Kxc5 g4 41. Nc4 Ke7 42. Ne5 g3 43. hxg3 fxg3 44. Ng4 g5 45. e5 Bb7 46. c4 Bc8 47. Ne3 Bd7 48. a5 Ba4 49. a6 Kd7 50. a7 1-0


[Site "https://www.chess.com"]

[Event "Titled Tuesday Blitz December 20 Late 2022"]
[White "Rustemov, Alexander"]
[Black "Andreikin, Dmitry"]
[WhiteFideId "4119002"]
[BlackFideId "4158814"]
[WhiteElo "2879"]
[BlackElo "2735"]
[Result "1/2-1/2"]
[Round "04"]
[TimeControl "180+1"]
[Date "2022.12.20"]
[WhiteClock "0:00:30"]
[BlackClock "0:00:13"]

1. d4 Nf6 2. c4 e6 3. Nf3 a6 4. Nc3 d5 5. cxd5 exd5 6. Bg5 Be6 7. e3 Nbd7 8. Bd3 h6 9. Bh4 Bd6 10. O-O O-O 11. Qc2 c6 12. Rab1 Re8 13. Rfc1 a5 14. a3 Qb8 15. Bg3 Bg4 16. Bxd6 Qxd6 17. Nd2 Nf8 18. b4 axb4 19. axb4 Bh5 20. b5 Bg6 21. bxc6 bxc6 22. Ne2 Ng4 23. Nf1 Bxd3 24. Qxd3 Ng6 25. Qf5 Nf6 26. Qc2 Rec8 27. Rb6 Ne7 28. Nf4 Qa3 29. Rb3 Qd6 30. Ng3 g6 31. h3 h5 32. Nd3 h4 33. Ne2 Ne4 34. Nc5 Nxc5 35. Qxc5 Qxc5 36. Rxc5 Ra2 37. Nf4 Ra1+ 38. Kh2 Rf1 39. Nd3 Rd1 40. Rc1 Rd2 41. Rbc3 Ra8 42. R1c2 Rd1 43. Rc1 Rd2 44. R1c2 Rd1 45. Rc1 Rd2 1/2-1/2


[Site "https://www.chess.com"]

[Event "Titled Tuesday Blitz December 20 Late 2022"]
[White "Sanchez Alvares, Kelvin Antonio"]
[Black "Gubajdullin, Alexei"]
[WhiteFideId "3906680"]
[BlackFideId "4141202"]
[WhiteElo "2217"]
[BlackElo "2251"]
[Result "0-1"]
[Round "04"]
[TimeControl "180+1"]
[Date "2022.12.21"]
[WhiteClock "0:00:03"]
[BlackClock "0:00:08"]

1. e4 g6 2. d4 Bg7 3. Nc3 d6 4. f4 c6 5. Be3 Qb6 6. Na4 Qa5+ 7. Nc3 Nf6 8. Qd2 Ng4 9. Nf3 Nxe3 10. Qxe3 Nd7 11. e5 O-O 12. O-O-O c5 13. dxc5 dxe5 14. fxe5 Nxc5 15. Bc4 Bf5 16. Nd4 Bg4 17. Rde1 Rac8 18. Nb3 Qb4 19. Be2 Nxb3+ 20. axb3 Bf5 21. Bd3 Rxc3 22. bxc3 Qxc3 23. Bxf5 Qxe3+ 24. Rxe3 Bh6 25. Kd2 gxf5 26. Ke2 Bxe3 27. Kxe3 Rc8 28. c4 Rc5 29. Kd4 Ra5 30. Rf1 Ra2 31. Rxf5 Rxg2 32. Rh5 a5 33. Kc5 Re2 34. Kb6 Re3 35. Kxb7 Rxb3+ 36. Kc6 a4 37. e6 a3 38. Rg5+ Kf8 39. exf7 a2 40. Ra5 Rb2 41. h4 Rd2 42. c5 e5 43. Kb7 Kxf7 44. c6 Rb2+ 45. Ka6 Ke6 46. c7 Kd7 0-1


[Site "https://www.chess.com"]

[Event "Titled Tuesday Blitz December 20 Late 2022"]
[White "Sanchez, Robert"]
[Black "Movahed, Sina"]
[WhiteFideId "2034360"]
[BlackFideId "42520835"]
[WhiteElo "2379"]
[BlackElo "2225"]
[Result "0-1"]
[Round "04"]
[TimeControl "180+1"]
[Date "2022.12.21"]
[WhiteClock "0:00:32"]
[BlackClock "0:01:59"]

1. e4 c5 2. Nf3 d6 3. d4 cxd4 4. Nxd4 Nf6 5. Nc3 g6 6. Be3 Bg7 7. f3 O-O 8. Qd2 Nc6 9. Bc4 Bd7 10. O-O-O Nxd4 11. Bxd4 b5 12. Bb3 a5 13. h4 a4 14. Bxf6 Bxf6 15. Bd5 Rb8 16. a3 b4 17. axb4 Rxb4 18. h5 e6 19. Ba2 Qa5 20. hxg6 hxg6 21. Kb1 Rxb2+ 22. Kxb2 Bxc3+ 23. Qxc3 Rb8+ 24. Bb3 a3+ 0-1


[Site "https://www.chess.com"]

[Event "Titled Tuesday Blitz December 20 Late 2022"]
[White "Sarana, Alexey"]
[Black "Rasulov, Vugar"]
[WhiteFideId "24133795"]
[BlackFideId "13402390"]
[WhiteElo "2708"]
[BlackElo "2509"]
[Result "0-1"]
[Round "04"]
[TimeControl "180+1"]
[Date "2022.12.20"]
[WhiteClock "0:00:01"]
[BlackClock "0:00:18"]

1. d4 Nf6 2. c4 e6 3. Nc3 Bb4 4. e3 O-O 5. Bd3 d5 6. a3 Bxc3+ 7. bxc3 dxc4 8. Bxc4 c5 9. Bd3 Qc7 10. Bb2 b6 11. Qe2 e5 12. dxe5 Qxe5 13. c4 Qe7 14. Qf3 Bb7 15. Bxf6 Qxf6 16. Qxf6 gxf6 17. Ne2 Rd8 18. Nf4 Nc6 19. Be2 Ne5 20. f3 Rd6 21. Rc1 Rad8 22. Rc2 Ba6 23. e4 Bxc4 24. Nh5 Bb3 25. Rc1 Kf8 26. Kf2 c4 27. Ke3 b5 28. Nf4 a5 29. g4 b4 30. axb4 axb4 31. Nd5 Rxd5 32. exd5 Rxd5 33. Ra1 Nd3 34. f4 Rd7 35. Bf3 Re7+ 36. Kd4 Nxf4 37. Ra8+ Kg7 38. Rb8 Ne6+ 39. Kd5 Ng5 40. Bg2 c3+ 41. Kd6 Re2 42. Rxb4 Be6 43. Bc6 c2 44. Ba4 Ne4+ 45. Kc7 Nf2 46. Rf1 Nd3 0-1


[Site "https://www.chess.com"]

[Event "Titled Tuesday Blitz December 20 Late 2022"]
[White "Sebag, Marie"]
[Black "Novikova, Galina"]
[WhiteFideId "617822"]
[BlackFideId "4157095"]
[WhiteElo "2440"]
[BlackElo "1953"]
[Result "1-0"]
[Round "04"]
[TimeControl "180+1"]
[Date "2022.12.21"]
[WhiteClock "0:00:12"]
[BlackClock "0:00:02"]

1. c4 e6 2. g3 f5 3. Bg2 Nf6 4. b3 Be7 5. Bb2 O-O 6. Nf3 d6 7. O-O e5 8. d4 e4 9. Nfd2 c6 10. d5 Nbd7 11. dxc6 bxc6 12. Nc3 Ne5 13. e3 Nd3 14. Qc2 d5 15. Ne2 Nxb2 16. Qxb2 Nd7 17. Nd4 Ne5 18. cxd5 cxd5 19. Rfd1 Bf6 20. b4 Nd3 21. Qb3 Bxd4 22. exd4 Kh8 23. Bf1 f4 24. Bxd3 exd3 25. Qxd3 Bf5 26. Qe2 Qg5 27. Qe5 fxg3 28. hxg3 Qg6 29. Re1 Rad8 30. Rac1 h6 31. Rc7 Rf7 32. Rxf7 Qxf7 33. Qe7 Rf8 34. Qxf7 Rxf7 35. Nb3 Bd3 36. Nc5 Bc4 37. a4 Rf3 38. Re3 Rf7 39. b5 Kh7 40. f3 Kg6 41. Kf2 h5 42. Re6+ Kh7 43. Re5 g6 44. Re6 Kh6 45. Rd6 Re7 46. Rd7 Re8 47. Rxa7 Re2+ 48. Kg1 Re3 49. Kg2 Re2+ 50. Kg1 Re3 51. b6 Rxf3 52. b7 Rxg3+ 53. Kf2 Rc3 54. b8=Q Rc2+ 55. Ke3 Rc3+ 56. Kd2 Rf3 57. Qh8+ Kg5 58. Qe5+ Kh6 59. Re7 Rf5 60. Qe3+ g5 61. Qe6+ Rf6 62. Qxf6# 1-0


[Site "https://www.chess.com"]

[Event "Titled Tuesday Blitz December 20 Late 2022"]
[White "Shapiro, Bryan"]
[Black "Hernandez Jimenez, Alexander Andres"]
[WhiteFideId "2087740"]
[BlackFideId "3900452"]
[WhiteElo "1897"]
[BlackElo "2098"]
[Result "1-0"]
[Round "04"]
[TimeControl "180+1"]
[Date "2022.12.21"]
[WhiteClock "0:00:51"]
[BlackClock "0:00:02"]

1. d4 Nf6 2. c4 e6 3. Nf3 b6 4. a3 Bb7 5. Nc3 c5 6. d5 exd5 7. cxd5 d6 8. e4 Nbd7 9. Bf4 a6 10. Bd3 g6 11. h3 Bg7 12. O-O O-O 13. Nd2 Re8 14. Bxd6 Rc8 15. Bh2 Ne5 16. Be2 b5 17. f4 Ned7 18. Bf3 b4 19. e5 bxc3 20. exf6 cxb2 21. fxg7 bxa1=Q 22. Qxa1 Qf6 23. Nc4 Qxa1 24. Rxa1 Kxg7 25. Nd6 Ba8 26. f5 Ne5 27. Bxe5+ Rxe5 28. Nxc8 Bxd5 29. Bxd5 Rxd5 30. fxg6 hxg6 31. Rc1 Kf6 32. Nb6 Rd3 33. a4 Rb3 34. Nd7+ Ke7 35. Nxc5 Ra3 36. Rc4 a5 37. Nb7 Ke6 38. Nxa5 Kd5 39. Kf2 f5 40. Rf4 Ra2+ 41. Kg3 Ke5 42. h4 Ra3+ 43. Rf3 Rxa4 44. Nc6+ Kf6 45. Rd3 Rg4+ 46. Kh3 Re4 47. Rd6+ Kg7 48. Nd4 Re3+ 49. g3 f4 50. Ne6+ Kf7 51. Nxf4 Ra3 52. Rxg6 Ra4 53. Rg4 Ra3 54. h5 Kf6 55. h6 Ra8 56. Rg6+ Kf7 57. g4 Rh8 58. g5 Rh7 59. Kg4 Kf8 60. Ne6+ Kf7 61. Rg7+ Kxe6 62. Rxh7 1-0


[Site "https://www.chess.com"]

[Event "Titled Tuesday Blitz December 20 Late 2022"]
[White "Shapiro, Daniel"]
[Black "Joubert, Dantelle"]
[WhiteFideId "2001780"]
[BlackFideId "14310813"]
[WhiteElo "2329"]
[BlackElo "1507"]
[Result "1-0"]
[Round "04"]
[TimeControl "180+1"]
[Date "2022.12.21"]
[WhiteClock "0:00:07"]
[BlackClock "0:00:02"]

1. d4 d5 2. c4 c6 3. Nf3 Nf6 4. Qb3 e6 5. Bg5 Nbd7 6. e3 Qa5+ 7. Nc3 Ne4 8. Bf4 Nxc3 9. bxc3 Be7 10. Bd3 O-O 11. O-O Bf6 12. Bd6 Re8 13. cxd5 exd5 14. c4 dxc4 15. Bxc4 Qh5 16. h3 Nb6 17. Be2 Be6 18. Qb4 Bd5 19. a4 Nc8 20. Bg3 b6 21. Rfe1 Qg6 22. Rac1 Be7 23. Qc3 Bd6 24. Bxd6 Nxd6 25. a5 Ne4 26. Qb2 bxa5 27. Ne5 Qg5 28. Bf3 Qh4 29. Nd3 Ng5 30. Bxd5 cxd5 31. Nf4 Ne4 32. Rc7 Rab8 33. Qc2 1-0


[Site "https://www.chess.com"]

[Event "Titled Tuesday Blitz December 20 Late 2022"]
[White "Shuvalova, Polina"]
[Black "Fieberg, Samuel"]
[WhiteFideId "24171760"]
[BlackFideId "12901717"]
[WhiteElo "2361"]
[BlackElo "2424"]
[Result "1-0"]
[Round "04"]
[TimeControl "180+1"]
[Date "2022.12.21"]
[WhiteClock "0:00:11"]
[BlackClock "0:00:08"]

1. d4 e6 2. Nf3 d5 3. Bf4 Bd6 4. e3 Bxf4 5. exf4 Qd6 6. Qd2 b6 7. c3 Ne7 8. a4 a5 9. Na3 c6 10. Nc2 O-O 11. g3 c5 12. Bb5 c4 13. O-O Nf5 14. Ne3 Bd7 15. Nxf5 exf5 16. Qc2 Bxb5 17. axb5 g6 18. b3 Nd7 19. Rfe1 Rac8 20. bxc4 Rxc4 21. Re3 Rfc8 22. Qb3 Kg7 23. h4 Nf6 24. Ne5 R4c7 25. Nc6 Ne4 26. Kg2 Rxc6 27. bxc6 Qxc6 28. f3 Nd2 29. Qd1 Nc4 30. Re2 h5 31. Re1 b5 32. Qe2 a4 33. g4 hxg4 34. fxg4 Qd7 35. g5 Rh8 36. Rh1 Qd6 37. Kg3 a3 38. h5 Qd7 39. hxg6 Rxh1 40. Rxh1 fxg6 41. Qh2 Kf8 42. Qh8+ Ke7 43. Rh7+ Kd6 44. Qf8+ Kc7 45. Rxd7+ Kxd7 46. Qf7+ Kc6 47. Qxg6+ Nd6 48. Qg8 b4 49. Qa8+ Kb6 50. cxb4 Nc4 51. Qa4 Kc7 52. g6 a2 53. Qxa2 Kd6 54. Qa7 Nd2 55. Qf7 Ne4+ 56. Kh4 Kc6 57. g7 Nd6 58. g8=Q Nxf7 59. Qxf7 Kd6 60. Qxf5 Kc6 61. Qe6+ Kc7 62. Qxd5 Kb6 63. Qc5+ Kb7 64. d5 Kb8 65. d6 Kb7 66. d7 Kb8 67. d8=Q+ Kb7 68. Qdb6+ Ka8 69. Qca5# 1-0


[Site "https://www.chess.com"]

[Event "Titled Tuesday Blitz December 20 Late 2022"]
[White "Silva, Miguel Antonio Neto"]
[Black "Goryachkina, Aleksandra"]
[WhiteFideId "1911929"]
[BlackFideId "4147103"]
[WhiteElo "2223"]
[BlackElo "2484"]
[Result "1/2-1/2"]
[Round "04"]
[TimeControl "180+1"]
[Date "2022.12.21"]
[WhiteClock "0:00:20"]
[BlackClock "0:00:05"]

1. Nf3 d5 2. d4 Nf6 3. c4 c6 4. e3 Bf5 5. Nc3 e6 6. Nh4 Bg6 7. Be2 Nbd7 8. Qb3 Qb6 9. Bd2 Be7 10. Nxg6 hxg6 11. h3 g5 12. O-O-O a5 13. Kb1 Qxb3 14. axb3 Bb4 15. Bd3 O-O-O 16. Kc2 Kb8 17. f3 e5 18. Rhe1 Rhe8 19. cxd5 cxd5 20. Bb5 Rc8 21. Kb1 Re7 22. Bxd7 Rxd7 23. dxe5 Ne8 24. Na4 Bxd2 25. Rxd2 Rc6 26. Red1 Nc7 27. Nc3 Re6 28. f4 gxf4 29. exf4 f6 30. Nxd5 fxe5 31. Nxc7 Rxd2 32. Rxd2 Kxc7 33. fxe5 Rxe5 34. Rf2 g5 35. Rf3 Kc6 36. g3 Kc5 37. h4 gxh4 38. gxh4 Re1+ 39. Ka2 Rh1 40. Rf4 b5 41. Rg4 b4 42. Rg5+ Kb6 43. h5 Ka6 44. Rf5 Kb6 45. Rg5 Ka6 46. Rf5 Kb6 47. Rg5 1/2-1/2


[Site "https://www.chess.com"]

[Event "Titled Tuesday Blitz December 20 Late 2022"]
[White "Skotheim, Andreas"]
[Black "Bryakin, Mikhail"]
[WhiteFideId "1518526"]
[BlackFideId "4165314"]
[WhiteElo "2128"]
[BlackElo "2391"]
[Result "0-1"]
[Round "04"]
[TimeControl "180+1"]
[Date "2022.12.21"]
[WhiteClock "0:00:04"]
[BlackClock "0:01:19"]

1. e4 c5 2. Nf3 e6 3. b3 d5 4. exd5 exd5 5. d4 Nc6 6. Bb2 Nf6 7. Be2 Be7 8. O-O O-O 9. dxc5 Bxc5 10. Nbd2 Bg4 11. Ne1 Bxe2 12. Qxe2 Re8 13. Qf3 Ne4 14. Rd1 Qa5 15. Nxe4 dxe4 16. Qg4 Bf8 17. Rd7 Qxa2 18. Bc3 Qa6 19. Qf5 Re7 20. Rxe7 Nxe7 21. Qxe4 Rc8 22. Qe3 Nd5 23. Qh3 Rxc3 24. Nd3 Qe6 25. Qf3 Rxc2 26. Re1 Qc6 27. Ne5 Qe6 28. Nd3 Qd6 29. Ne5 Qxe5 0-1


[Site "https://www.chess.com"]

[Event "Titled Tuesday Blitz December 20 Late 2022"]
[White "Skvortsov, Andrei"]
[Black "Gurevich, Dmitry"]
[WhiteFideId "24108600"]
[BlackFideId "2000407"]
[WhiteElo "2285"]
[BlackElo "2506"]
[Result "1-0"]
[Round "04"]
[TimeControl "180+1"]
[Date "2022.12.21"]
[WhiteClock "0:00:11"]
[BlackClock "0:00:01"]

1. d4 Nf6 2. c4 a6 3. Nc3 c5 4. e4 cxd4 5. Qxd4 d6 6. Nf3 e6 7. Be2 Qc7 8. O-O b6 9. Re1 Bb7 10. Bf1 Nbd7 11. Bg5 Be7 12. Rad1 O-O 13. Bh4 Ne5 14. b3 Nxf3+ 15. gxf3 Rfd8 16. Qe3 h6 17. f4 Rab8 18. Bg3 Nh5 19. Bg2 Nxg3 20. hxg3 Rbc8 21. Bf1 b5 22. Rc1 bxc4 23. Bxc4 Qb8 24. Bf1 Bf6 25. Na4 Rxc1 26. Rxc1 Rc8 27. Rc4 Rxc4 28. Bxc4 d5 29. Bd3 dxe4 30. Bxe4 Bxe4 31. Qxe4 Qd6 32. Qc4 g6 33. Nc5 Qd2 34. Ne4 Qe1+ 35. Kg2 Be7 36. a4 a5 37. Qd3 h5 38. Qd4 Qb4 39. Qd3 Qe1 40. Nd2 Qd1 41. Qe3 Bc5 42. Qxc5 Qxd2 43. Qc4 Kg7 44. Kf1 Kg8 45. Kg2 Kg7 46. Qb5 Kg8 47. Kf3 Kg7 48. Qe5+ Kg8 49. Qe3 Qd5+ 50. Ke2 Qd8 51. Qd3 Qb6 52. Qc4 Kg7 53. Qc3+ Kg8 54. Qe3 Qb4 55. Qd3 Kg7 56. Kd1 Kg8 57. Kc2 Qb6 58. Qe3 Qb4 59. Kd1 Qa3 60. Qc3 Qa2 61. Qc8+ 1-0


[Site "https://www.chess.com"]

[Event "Titled Tuesday Blitz December 20 Late 2022"]
[White "Smith, Garrett L"]
[Black "Can, Melih Kaan"]
[WhiteFideId "2024829"]
[BlackFideId "6317383"]
[WhiteElo "2218"]
[BlackElo "2010"]
[Result "0-1"]
[Round "04"]
[TimeControl "180+1"]
[Date "2022.12.21"]
[WhiteClock "0:00:24"]
[BlackClock "0:01:01"]

1. e4 e5 2. Nf3 Nc6 3. Bc4 Nf6 4. Ng5 d5 5. exd5 Na5 6. Bb5+ c6 7. dxc6 bxc6 8. Bd3 Nd5 9. Nf3 Bd6 10. O-O Nf4 11. Re1 Nxd3 12. cxd3 O-O 13. Nxe5 Re8 14. Nc4 Nxc4 15. Rxe8+ Qxe8 16. dxc4 Bg4 17. f3 Qe5 18. g3 Bh3 19. d4 Qe6 20. c5 Re8 21. Bd2 Qd5 22. cxd6 Qxd4+ 23. Kh1 Qf2 0-1


[Site "https://www.chess.com"]

[Event "Titled Tuesday Blitz December 20 Late 2022"]
[White "Sokolovsky, Yahli"]
[Black "benny_aizenberg"]
[WhiteFideId "2820242"]
[WhiteElo "2316"]
[BlackElo "2419"]
[Result "1-0"]
[Round "04"]
[TimeControl "180+1"]
[Date "2022.12.21"]
[WhiteClock "0:00:05"]
[BlackClock "0:00:03"]

1. b3 e5 2. Bb2 d6 3. e3 f5 4. d4 e4 5. d5 Nf6 6. c4 Be7 7. Ne2 O-O 8. h4 c6 9. Nbc3 Nbd7 10. Nf4 Ne5 11. Qd2 Bd7 12. Be2 Rc8 13. O-O-O Nfg4 14. Bxg4 Nxg4 15. f3 exf3 16. gxf3 Ne5 17. Qg2 Rf7 18. Kb1 Qb6 19. Qf2 a5 20. Rhg1 Qb4 21. Rg2 a4 22. Nxa4 Nxc4 23. bxc4 Qxa4 24. Rdg1 Bf8 25. Ne6 Bxe6 26. dxe6 Re7 27. Bf6 Rxe6 28. Bxg7 Rg6 29. Bb2 Kf7 30. Rxg6 hxg6 31. Qg2 Qxc4 32. Qxg6+ Ke7 33. Qxf5 Qe6 34. Qg5+ Kd7 35. Rd1 Re8 36. e4 Kc7 37. Qd2 Bh6 38. Qa5+ Kb8 39. Bd4 Bf4 40. Ba7+ Kc8 41. Bb6 Kd7 42. Qa7 Qc4 43. Qxb7+ Ke6 44. Bd4 Be5 45. Bxe5 Kxe5 46. Qb2+ Ke6 47. Qb3 Qxb3+ 48. axb3 Rh8 49. Rh1 Ke5 50. h5 Kf4 51. Rh3 Rh6 52. Kc2 Kg5 53. Kd3 Rf6 54. h6 Rxh6 55. f4+ Kg6 56. f5+ Kg5 57. Rxh6 Kxh6 58. Ke3 Kg5 59. Kf3 Kf6 60. Kf4 c5 61. Ke3 Ke5 62. Kd3 d5 63. exd5 Kxd5 64. Kc3 Ke5 65. Kc4 Kxf5 66. Kxc5 1-0


[Site "https://www.chess.com"]

[Event "Titled Tuesday Blitz December 20 Late 2022"]
[White "Souleidis, Georgios"]
[Black "Szyszylo, Rafal"]
[WhiteFideId "4206827"]
[BlackFideId "1109626"]
[WhiteElo "2401"]
[BlackElo "1981"]
[Result "1-0"]
[Round "04"]
[TimeControl "180+1"]
[Date "2022.12.21"]
[WhiteClock "0:00:27"]
[BlackClock "0:00:04"]

1. e4 g6 2. d4 Bg7 3. Nc3 d6 4. Be3 c6 5. g4 b5 6. a3 a5 7. h4 h5 8. g5 Bb7 9. Bg2 e6 10. Nce2 Ne7 11. Ng3 Nd7 12. f4 c5 13. c3 cxd4 14. cxd4 Nb6 15. Nf3 Nc4 16. Bc1 a4 17. O-O Qb6 18. Kh1 Nc6 19. f5 Bxd4 20. fxg6 fxg6 21. Bh3 Ke7 22. Ne2 Be3 23. Nf4 Bxf4 24. Bxf4 Rhf8 25. Bg3 Ne3 26. Qxd6+ Ke8 27. Qxe6+ 1-0


[Site "https://www.chess.com"]

[Event "Titled Tuesday Blitz December 20 Late 2022"]
[White "Steinberg, Nitzan"]
[Black "Nakamura, Hikaru"]
[WhiteFideId "2801795"]
[BlackFideId "2016192"]
[WhiteElo "2491"]
[BlackElo "2909"]
[Result "0-1"]
[Round "04"]
[TimeControl "180+1"]
[Date "2022.12.20"]
[WhiteClock "0:00:05"]
[BlackClock "0:00:21"]

1. e4 d5 2. exd5 Qxd5 3. Nc3 Qa5 4. Bc4 c6 5. Nf3 Nf6 6. h3 Bf5 7. d4 e6 8. O-O Bb4 9. Bd2 Nbd7 10. a3 Bxc3 11. Bxc3 Qc7 12. Bd2 O-O 13. Ba2 c5 14. dxc5 Nxc5 15. Be3 Na4 16. Bd4 Qxc2 17. Qe1 Nb6 18. Rc1 Qe4 19. Qa5 Bg6 20. Rfe1 Qd3 21. Bxb6 axb6 22. Qxb6 Qa6 23. Qb4 Qa5 24. Qxa5 Rxa5 25. Ne5 Be4 26. Nc4 Ra6 27. Ne3 g5 28. Rc7 Bc6 29. Rd1 Rb8 30. Bc4 Ra5 31. b4 Rxa3 32. b5 Be8 33. g3 h6 34. Kg2 Ra4 35. Rb1 Kf8 36. Be2 Rd4 37. Bf3 b6 38. Nc4 Nd5 39. Bxd5 Rxd5 40. Ne3 Rxb5 41. Rxb5 Bxb5 42. Ng4 Kg7 43. Ne5 Be8 44. Rc4 b5 45. Rb4 f6 46. Nf3 Bc6 47. g4 f5 48. Kg3 f4+ 49. Kg2 Bd5 0-1


[Site "https://www.chess.com"]

[Event "Titled Tuesday Blitz December 20 Late 2022"]
[White "Suder, Jakub"]
[Black "Buchenau, Frank"]
[WhiteFideId "1195310"]
[BlackFideId "4604350"]
[WhiteElo "2245"]
[BlackElo "2157"]
[Result "1-0"]
[Round "04"]
[TimeControl "180+1"]
[Date "2022.12.21"]
[WhiteClock "0:01:01"]
[BlackClock "0:01:11"]

1. d4 e6 2. c4 Nf6 3. Nc3 Bb4 4. f3 c5 5. d5 Bxc3+ 6. bxc3 d6 7. e4 Qa5 8. Qc2 Nbd7 9. Ne2 Ne5 10. Ng3 Bd7 11. Be2 Ba4 12. Qb2 O-O-O 13. f4 Ng6 14. O-O e5 15. Rb1 Qa6 16. Bd3 Nxf4 17. Bxf4 exf4 18. Rxf4 Nd7 19. Rxf7 Ne5 20. Rxb7 Nxd3 21. Rb8+ Kc7 22. Qb7+ Qxb7 23. R1xb7# 1-0


[Site "https://www.chess.com"]

[Event "Titled Tuesday Blitz December 20 Late 2022"]
[White "Sztokbant, Bernardo Vainzoff"]
[Black "Domingo Nunez, Ruben"]
[WhiteFideId "2115956"]
[BlackFideId "22245570"]
[WhiteElo "2222"]
[BlackElo "2406"]
[Result "1-0"]
[Round "04"]
[TimeControl "180+1"]
[Date "2022.12.21"]
[WhiteClock "0:00:07"]
[BlackClock "0:01:35"]

1. e4 Nf6 2. Nc3 Nc6 3. Nf3 d5 4. exd5 Nxd5 5. Bb5 Nxc3 6. bxc3 Qd5 7. Qe2 Bd7 8. O-O e6 9. d4 O-O-O 10. Ng5 Be8 11. Bf4 Nxd4 12. cxd4 Bxb5 13. c4 Bxc4 14. Qc2 Rd7 15. Rfc1 Bb5 16. Qxc7+ Rxc7 17. Rxc7+ Kd8 18. Nxf7+ Ke8 19. Ne5 Qxd4 20. Rc8+ Ke7 21. Bg5+ Kd6 22. Nf7+ Kd5 23. Rd8+ Kc4 24. Rc1+ Qc3 25. Rxc3+ Kxc3 26. Nxh8 Bc5 27. Rc8 b6 28. Be3 Kb4 29. Bxc5+ bxc5 30. Nf7 c4 31. Nd6 Ba6 32. Rc7 c3 33. Ne4 Bc4 34. Nxc3 Kxc3 35. Rxa7 g5 36. Rg7 h6 37. Rg6 Bxa2 38. Rxh6 Bb1 39. Rh5 g4 40. Rh4 Bf5 41. f3 gxf3 42. gxf3 Kd3 43. Kf2 Kd2 44. Rd4+ Kc3 45. Rd6 Kc4 46. Rd8 Kc5 47. Kg3 Kc6 48. Kf4 Kc7 49. Rd2 1-0


[Site "https://www.chess.com"]

[Event "Titled Tuesday Blitz December 20 Late 2022"]
[White "Tang, Andrew"]
[Black "Poliakova, Varvara"]
[WhiteFideId "2059630"]
[BlackFideId "13518313"]
[WhiteElo "2582"]
[BlackElo "2075"]
[Result "1-0"]
[Round "04"]
[TimeControl "180+1"]
[Date "2022.12.20"]
[WhiteClock "0:01:37"]
[BlackClock "0:01:05"]

1. d4 f5 2. Nf3 d6 3. g3 Nf6 4. Bg2 g6 5. O-O Bg7 6. b3 O-O 7. Bb2 Nc6 8. Nbd2 e5 9. dxe5 Ng4 10. Nc4 Ngxe5 11. Qd5+ Kh8 12. Nfxe5 dxe5 13. Qxd8 Rxd8 14. Bxc6 bxc6 15. Nxe5 Bxe5 16. Bxe5+ Kg8 17. Rfd1 Ba6 18. c4 Re8 19. f4 Rad8 20. Kf2 Bb7 21. Bxc7 Rxd1 22. Rxd1 Re7 23. Rd8+ Kg7 24. Bd6 Rf7 25. Be5+ Kh6 26. h3 g5 27. Rd6+ Kh5 28. fxg5 1-0


[Site "https://www.chess.com"]

[Event "Titled Tuesday Blitz December 20 Late 2022"]
[White "Tari, Aryan"]
[Black "Mekhitarian, Krikor Sevag"]
[WhiteFideId "1510045"]
[BlackFideId "2107660"]
[WhiteElo "2620"]
[BlackElo "2604"]
[Result "1-0"]
[Round "04"]
[TimeControl "180+1"]
[Date "2022.12.20"]
[WhiteClock "0:00:06"]
[BlackClock "0:00:04"]

1. e4 c5 2. Nf3 e6 3. d4 cxd4 4. Nxd4 Nc6 5. Nc3 a6 6. Bf4 d6 7. Nxc6 bxc6 8. Qd2 e5 9. Bg5 Nf6 10. O-O-O Be6 11. f4 Qa5 12. a3 exf4 13. Bxf4 Rd8 14. Qd3 Ng4 15. Qg3 Be7 16. Be2 h5 17. Bxg4 Bxg4 18. Rd3 O-O 19. Bxd6 Rxd6 20. Rxd6 h4 21. Qd3 Bxd6 22. Qxd6 Be6 23. Qf4 Qh5 24. h3 Rd8 25. Rd1 Rxd1+ 26. Nxd1 Qe2 27. Qxh4 Qxg2 28. Qd8+ Kh7 29. Qd3 Qxh3 30. Qxa6 Qh6+ 31. Kb1 Qd2 32. Qf1 g5 33. Nc3 g4 34. e5 Qd4 35. Qh1+ Kg8 36. Ne4 Qxe5 37. Qe1 Bd5 38. Nf6+ Qxf6 39. a4 g3 40. Qxg3+ Qg6 41. Qb8+ Kg7 42. b3 Be4 43. Qe5+ f6 44. Qc3 Qf5 45. a5 c5 46. a6 Ba8 47. Qa5 Qd5 48. Qc7+ Kg6 49. a7 f5 50. Qc8 f4 51. Qg4+ Qg5 52. Qc8 Qg2 53. Qg8+ Kf5 54. Qf8+ Kg4 55. Qxc5 f3 56. Qc8+ Kg3 57. Qxa8 f2 58. Qxg2+ Kxg2 59. a8=Q+ Kg3 60. Qf8 f1=Q+ 61. Qxf1 Kh2 62. b4 1-0


[Site "https://www.chess.com"]